 Dungeon Crawl Stone Soup version 0.18.1-50-g88ac8fd (webtiles) character file.

302 nikopol the Chopper (level 6, -1/53 (56) HPs)
             Began as a Hill Orc Berserker on Oct 16, 2016.
             Was a Believer of Trog.
             Killed from afar by Natasha (6 damage)
             ... with a magic dart
             ... on level 3 of the Dungeon.
             The game lasted 00:07:59 (3826 turns).

nikopol the Chopper (Hill Orc Berserker)            Turns: 3826, Time: 00:07:59

HP:   -1/53 (56)    AC:  7    Str: 21    XL:     6   Next: 37%
MP:   6/6           EV: 11    Int:  7    God:    Trog [**....]
Gold: 94            SH:  0    Dex: 11    Spells: 0 memorised, 5 levels left

rFire  + + .     SeeInvis .     a - +2 hand axe (flame)
rCold  x . .     Gourm    .     x - +2 ring mail {rF+}
rNeg   . . .     Faith    .     (no shield)
rPois  .         Spirit   .     (no helmet)
rElec  .         Dismiss  .     (no cloak)
rCorr  .         Reflect  .     (no gloves)
SustAt .         Harm     .     (no boots)
MR     .....                    (no amulet)
Stlth  +.........               (no ring)
                                o - ring of fire

@: slowed, very slow, not resistant to hostile enchantments, very unstealthy
A: no striking features
a: Berserk, Trog's Hand, Burn Spellbooks, Renounce Religion


You were on level 3 of the Dungeon.
You worshipped Trog.
Trog was pleased with you.
You were hungry.

You visited 1 branch of the dungeon, and saw 3 of its levels.

You collected 94 gold pieces.

Inventory:

Hand Weapons
 a - a +2 hand axe of flaming (weapon)
 w - a +0 hand axe
Missiles
 e - 65 arrows (quivered)
Armour
 b - a +0 animal skin
 n - a +0 ring mail
 q - a +0 scale mail
 x - a +2 ring mail of fire resistance (worn)
Jewellery
 o - a ring of fire (left hand)
Scrolls
 k - 3 scrolls of magic mapping {unknown}
 l - a scroll of amnesia {unknown}
 p - a scroll of enchant armour {unknown}
 r - a scroll of recharging {unknown}
 s - a scroll of identify
 t - 2 scrolls of teleportation {unknown}
 y - a scroll of remove curse {unknown}
Potions
 d - a potion of degeneration {unknown}
 f - a potion of mutation {unknown}
 g - 4 potions of curing
 h - 3 potions of haste {unknown}
 j - a potion of heal wounds {unknown}
 v - a potion of beneficial mutation {unknown}
Comestibles
 c - 2 bread rations
 i - a fruit
 m - a beef jerky


   Skills:
 + Level 5.1 Fighting
 + Level 6.0 Axes
 + Level 4.0 Armour
 + Level 2.7 Dodging


You had 5 spell levels left.
You didn't know any spells.

Dungeon Overview and Level Annotations

Branches:
Dungeon (3/15)

Altars:
Cheibriados
Gozag
Xom

Annotations:
D:3 Natasha


Message History

You are too injured to fight recklessly!
You are too injured to fight recklessly!
You are too injured to fight recklessly!
You hit Natasha but do no damage.
Natasha is severely wounded.
Natasha barely misses you.
Natasha stares at you and mumbles some strange words.
The magic dart hits you!
You closely miss Natasha.
Natasha is severely wounded.
Natasha claws you!
* * * LOW HITPOINT WARNING * * *
The crimson imp blinks! x2
You barely miss Natasha.
Natasha is severely wounded.
The crimson imp disappears in a puff of smoke!
Natasha mumbles some strange words.
Natasha stares at you and mumbles some strange words.
The magic dart hits you!
You die...

#.............#
#############.#
....... #_#
....... #.#
....ยง.. #.#
....... #.#
....... #.#
..)....
#.##.......
#.@h5..5...
####.5.....
<...... #####'#
#


You could see Natasha, 2 crimson imps and a shadow imp.

Vanquished Creatures
  A necrophage (D:3)
  Terence (D:3)
  Natasha (twice) (D:3)
  8 adders
  3 worms
  3 giant geckos
  4 orcs (D:3)
  2 ball pythons
  6 bats
  2 giant cockroaches
  4 goblins
  7 hobgoblins
  4 jackals (D:3)
  6 kobolds
  3 quokkas
  3 giant newts
  3 rats
62 creatures vanquished.

Notes
Turn   | Place    | Note
--------------------------------------------------------------
     0 | D:1      | nikopol the Hill Orc Berserker began the quest for the Orb.
     0 | D:1      | Reached XP level 1. HP: 19/19 MP: 1/1
   126 | D:1      | Reached XP level 2. HP: 6/27 MP: 2/2
   127 | D:1      | You fall through a shaft!
  1430 | D:2      | Reached XP level 3. HP: 28/33 MP: 3/3
  1616 | D:2      | Found an opulent altar of Gozag.
  2017 | D:2      | Reached XP level 4. HP: 33/40 MP: 4/4
  2131 | D:2      | Reached skill level 5 in Axes
  2162 | D:2      | Reached ** piety under Trog
  2493 | D:3      | Noticed a necrophage
  2509 | D:3      | Killed a necrophage
  2509 | D:3      | Reached XP level 5. HP: 26/44 MP: 5/5
  2904 | D:3      | Noticed Natasha
  2910 | D:3      | Killed Natasha
  3055 | D:3      | Noticed Natasha
  3059 | D:3      | Killed Natasha
  3121 | D:3      | Reached XP level 6. HP: 44/52 MP: 6/6
  3341 | D:3      | Reached skill level 5 in Fighting
  3555 | D:3      | Noticed Terence
  3563 | D:3      | Killed Terence
  3563 | D:3      | Reached skill level 6 in Axes
  3565 | D:3      | Found a shimmering altar of Xom.
  3596 | D:3      | Found a shimmering altar of Xom.
  3596 | D:3      | Found a shimmering altar of Xom.
  3596 | D:3      | Found a shimmering altar of Xom.
  3596 | D:3      | Found a shimmering altar of Xom.
  3605 | D:3      | Found a shimmering altar of Xom.
  3606 | D:3      | Found a shimmering altar of Xom.
  3795 | D:3      | Found a snail-covered altar of Cheibriados.
  3803 | D:3      | Noticed Natasha
  3826 | D:3      | Killed from afar by Natasha

Skill      XL: |  1  2  3  4  5  6 |
---------------+-------------------+-----
Fighting       | 4 5 |  5.1
Armour         | 3 4 |  4.0
Dodging        | 2 |  2.7
Axes           | 5 6 |  6.0

Action                   |  1- 3 |  4- 6 || total
-------------------------+-------+-------++-------
Melee: Hand axe          |    90 |   196 ||   286
Invok: Berserk           |       |     1 ||     1
  Use: Scroll            |     2 |       ||     2
  Eat: Chunk             |     3 |     7 ||    10
Armor: Animal skin       |    11 |       ||    11
       Scale mail        |    24 |    53 ||    77
       Ring mail         |       |    14 ||    14
Dodge: Dodged            |    55 |    98 ||   153
